 Dungeon Crawl Stone Soup version 0.27-a0-1312-g5cdb2b3542 (webtiles) character file.

Game seed: 17957858300784292190

116 Delamore the Skirmisher (level 5, -5/43 HPs)
             Began as a Formicid Fighter on June 18, 2021.
             Slain by an orc (6 damage)
             ... on level 3 of the Dungeon.
             The game lasted 00:01:49 (2044 turns).

Delamore the Skirmisher (Formicid Fighter)          Turns: 2044, Time: 00:01:49

Health: -5/43      AC:  9    Str: 22    XL:     5   Next: 20%
Magic:  5/5        EV:  6    Int:  7    God:
Gold:   98         SH:  9    Dex: 10    Spells: 4/4 levels left

rFire    . . .     SeeInvis +   a - +1 trident
rCold    . . .     Faith    .   c - +0 kite shield
rNeg     . . .     Spirit   .   l - +0 chain mail
rPois    .         Reflect  .   (helmet unavailable)
rElec    .         Harm     .   (no cloak)
rCorr    .         Rampage  .   (no gloves)
Will     .....                  (no boots)
Stlth    ..........             (no amulet)
HPRegen  0.14/turn              (no ring)
MPRegen  0.09/turn              (no ring)

@: no status effects
A: permanent stasis, dig shafts and tunnels, antennae 3, four strong arms
a: Dig, Shaft Self


You were on level 3 of the Dungeon.
You visited 1 branch of the dungeon, and saw 3 of its levels.

You collected 98 gold pieces.

Inventory:

Hand Weapons
 a - a +1 trident (weapon)
Missiles
 j - 13 poisoned darts
Armour
 c - a +0 kite shield (worn)
 l - a +0 chain mail (worn)
Scrolls
 e - a scroll of identify
 g - 2 scrolls of noise
Potions
 d - a potion of might
 f - a potion of resistance
 k - a potion of ambrosia


   Skills:
 + Level 4.3 Fighting
 * Level 4.2 Polearms
 - Level 3.2 Armour
 - Level 3.6 Shields


You had 4 spell levels left.
You didn't know any spells.
Your spell library contained the following spells:

 Spells                   Type           Power      Damage    Failure   Level
 Freeze                   Ice            0%         1d3       100%        1
 Frozen Ramparts          Ice            0%         1d2       100%        3
 Ozocubu's Armour         Ice            0%         N/A       100%        3
 Hailstorm                Conj/Ice       0%         3d3       100%        4
 Metabolic Englaciation   Hex/Ice        0%         N/A       100%        5


Dungeon Overview and Level Annotations

Branches:
Dungeon (3/15)

Altars:

Shops:
D:3 (


Innate Abilities, Weirdness & Mutations

You cannot be hasted, slowed, berserked, paralysed or teleported.
You can dig through walls and to a lower floor.
You have a pair of large antennae on your head. (SInv)
Your four strong arms can wield two-handed weapons with a shield.


Message History

You are too injured to fight recklessly!
You are too injured to fight recklessly!
You are too injured to fight recklessly!
You are too injured to fight recklessly!
You are too injured to fight recklessly!
You are too injured to fight recklessly!
You are too injured to fight recklessly!
You are too injured to fight recklessly!
You are too injured to fight recklessly!
You are too injured to fight recklessly!
You are too injured to fight recklessly!
You are too injured to fight recklessly!
You are too injured to fight recklessly!
You hit the orc.
You kill the orc!
You feel sick. The orc barely misses you.
The goblin hits you but does no damage. You block the orc's attack.
You barely miss the goblin.
You feel sick. The goblin hits you but does no damage.
The orc hits you but does no damage. You block the goblin's attack.
You puncture the goblin!
You kill the goblin!
You feel sick. The orc completely misses you.
You feel sick. The orc hits you but does no damage.
Items here: )) [ †.
You hit the orc.
The orc is heavily wounded.
You feel sick. The orc barely misses you.
You closely miss the orc.
The orc is heavily wounded.
You feel sick.
You are no longer poisoned.
The orc hits you with a +0 flail!
* * * LOW HITPOINT WARNING * * *
The orc hits you with a +0 flail.
* * * LOW HITPOINT WARNING * * *
You closely miss the orc.
The orc is heavily wounded.
The orc hits you with a +0 flail.
You die...

#......#.###..
..........######.#...(..
..........#.............
..........#.............
..........#....<..†....#
..$....................#
.##.....................
#....................#..
#.<...)@o........#...#..
#......?..#...#..#.#....
..........+......#.#....
..#.......#...#..# #....
. #..............# #....
#.........).....#.#....
≈≈≈.....................
≈≈≈≈...............#....
≈∩≈≈...........##..#....


You could see an orc.

Vanquished Creatures
  An orc wizard (D:3)
  3 adders (D:2)
  2 dart slugs (D:2)
  2 orcs (D:3)
  6 ball pythons
  3 endoplasms
  A giant cockroach (D:1)
  10 goblins
  4 hobgoblins
  3 jackals (D:1)
  A quokka (D:1)
  9 bats
  2 frilled lizards
  6 kobolds
  5 rats
58 creatures vanquished.

Notes
Turn   | Place    | Note
-------+----------+-------------------------------------------
     0 | D:1      | Delamore the Formicid Fighter began the quest for the Orb.
     0 | D:1      | Reached XP level 1. HP: 18/18 MP: 1/1
    33 | D:1      | Reached XP level 2. HP: 12/24 MP: 2/2
   610 | D:1      | Reached XP level 3. HP: 22/30 MP: 3/3
  1363 | D:2      | Reached XP level 4. HP: 35/37 MP: 4/4
  2026 | D:3      | Found Rosinom's Antique Weapon Shop.
  2035 | D:3      | Reached XP level 5. HP: 34/43 MP: 5/5
  2043 | D:3      | HP: 1/43 [orc (5)]
  2044 | D:3      | Slain by an orc

Illustrated notes

Levels and vault maps discovered:
D:1:      amcnicky_arrival_choice, layout_rooms, minivault_26,
          grunt_decor_clamped, minmay_tetromino_i2
D:2:      layout_basic
D:3:      minmay_roachtagon, layout_basic, serial_shops,
          nicolae_shop_waterfront, nrook_loot_triangle,
          chequers_serial_rivers_large_b, grunt_ministairs_9

Skill      XL: |  1  2  3  4 |
---------------+-------------+-----
Polearms       | 3 4 |  4.2
Fighting       | 4 |  4.3
Armour         | |  3.2
Shields        | |  3.6

Action                   |  1- 3 |  4- 6 || total
-------------------------+-------+-------++-------
Melee: Trident           |   120 |    89 ||   209
  Use: Scroll            |     2 |     3 ||     5
Armor: Scale mail        |    57 |    22 ||    79
       Chain mail        |       |    15 ||    15
Dodge: Dodged            |    37 |    36 ||    73
Block: Kite shield       |    69 |    46 ||   115

Table legend: (Time is in decaauts)
 A = Elapsed time spent in this place.
 B = Non-inter-level travel time spent in this place.
 C = Inter-level travel time spent in this place.
 D = Time resting spent in this place.
 E = Time spent auto-exploring this place.
 F = Levels seen in this place.
 G = Mean time per level.
                   A        B        C        D        E       F      G
               +--------+--------+--------+--------+--------+-----+--------+
         Total |   2110 |   2030 |     80 |    403 |   1190 |   3 |  703.3 |
       Dungeon |   2110 |   2030 |     80 |    403 |   1190 |   3 |  703.3 |
               +--------+--------+--------+--------+--------+-----+--------+

Top non-repeatable levels by time:
     D:1: 1291 daAuts
     D:2: 616 daAuts
     D:3: 202 daAuts
